[ AOE2 MATCH · #469771008 ]
UnrankedPersians vs Koreans
[ REPLAY ANALYSIS · EXTRACTED FROM THE RECORDED GAME ]
Feudal
9:31
Castle
23:45
Imperial
48:40
| APM avg | 42.1 |
| APM peak | 93 |
| eAPM avg | 14.7 |
| Villagers / military | 68 / 59 |
Focus
⚔️ 33.4% · 🌾 66.6%
Knight ×42 · Scout Cavalry ×8 · Monk ×3 · Archer ×3 · Trebuchet (Packed) ×2 · Spearman ×1
Feudal
10:20
Castle
30:01
Imperial
53:00
| APM avg | 35.4 |
| APM peak | 79 |
| eAPM avg | 18.7 |
| Villagers / military | 98 / 126 |
Focus
⚔️ 28.3% · 🌾 71.7%
Scout Cavalry ×46 · Skirmisher ×29 · Archer ×24 · Genoese Crossbowman ×13 · Mangonel ×6 · Spearman ×4
Feudal
10:41
Castle
16:12
Imperial
43:54
| APM avg | 33.7 |
| APM peak | 94 |
| eAPM avg | 18.1 |
| Villagers / military | 172 / 130 |
Focus
⚔️ 26.8% · 🌾 73.2%
War Wagon ×69 · Spearman ×20 · Archer ×14 · Trebuchet (Packed) ×13 · Monk ×7 · Knight ×5
Feudal
29:44
Castle
36:15
Imperial
—
| APM avg | 18.2 |
| APM peak | 52 |
| eAPM avg | 12.4 |
| Villagers / military | 161 / 98 |
Focus
⚔️ 35.7% · 🌾 64.3%
Knight ×70 · Serjeant ×25 · Spearman ×3
Match map
Initial resources + every placement click. Lines = walls · curves = elevation contours. ◆ gold · ⬟ stone · ● berries · ✦ relic · ◌ wall gap
Your base· ✓ Closed at 23:45 · 50t walls · 1 gate(s)
facha heroe del whisky's base· Open — 7t gap
EJ's base· Open — 5t gap
inmortand_joe's base· Open — unwalled flank
Smoothed initial terrain · ◌ = detected wall gap · hover for details
Inputs per minute
— dantexinho - - facha heroe del whisky
Build order — dantexinho
First 150 of 256 actions detected
| 0:02 | Create | Villager (Male) |
| 0:02 | Create | Villager (Male) |
| 0:02 | Create | Villager (Male) |
| 0:02 | Create | Villager (Male) |
| 0:04 | Build | House |
| 0:06 | Build | House |
| 1:50 | Create | Villager (Male) |
| 1:51 | Create | Villager (Male) |
| 1:51 | Create | Villager (Male) |
| 1:51 | Create | Villager (Male) |
| 2:25 | Create | Villager (Male) |
| 2:25 | Create | Villager (Male) |
| 2:27 | Build | Lumber Camp |
| 2:34 | Create | Villager (Male) |
| 2:35 | Create | Villager (Male) |
| 3:19 | Create | Villager (Male) |
| 3:19 | Create | Villager (Male) |
| 3:31 | Build | Mill |
| 3:37 | Create | Villager (Male) |
| 3:37 | Create | Villager (Male) |
| 3:38 | Create | Villager (Male) |
| 4:00 | Build | House |
| 4:05 | Build | Palisade Wall |
| 4:13 | Create | Villager (Male) |
| 4:13 | Create | Villager (Male) |
| 4:13 | Create | Villager (Male) |
| 4:45 | Create | Villager (Male) |
| 4:45 | Create | Villager (Male) |
| 5:39 | Create | Villager (Male) |
| 5:39 | Create | Villager (Male) |
| 6:56 | Create | Villager (Male) |
| 7:01 | Research | Loom |
| 7:27 | Research | Feudal Age |
| 8:03 | Build | Barracks |
| 8:05 | Build | Palisade Wall |
| 8:06 | Build | Palisade Wall |
| 8:28 | Create | Villager (Male) |
| 8:28 | Create | Villager (Male) |
| 8:34 | Build | House |
| 8:39 | Build | Palisade Wall |
| 8:43 | Build | Palisade Wall |
| 8:45 | Build | Palisade Wall |
| 8:52 | Build | Palisade Wall |
| 9:00 | Build | House |
| 9:31 | Age | Feudal Age |
| 9:33 | Build | Stable |
| 9:51 | Research | Double-Bit Axe |
| 9:54 | Create | Spearman |
| 10:11 | Build | Mining Camp |
| 10:39 | Create | Villager (Male) |
| 10:39 | Create | Villager (Male) |
| 10:43 | Create | Scout Cavalry |
| 10:44 | Create | Scout Cavalry |
| 10:57 | Build | Archery Range |
| 11:00 | Build | Palisade Wall |
| 11:22 | Build | Lumber Camp |
| 11:55 | Create | Archer |
| 11:55 | Create | Archer |
| 11:57 | Create | Villager (Male) |
| 12:01 | Build | House |
| 12:03 | Build | Palisade Wall |
| 12:14 | Build | Palisade Wall |
| 12:29 | Create | Villager (Male) |
| 12:29 | Create | Villager (Male) |
| 13:36 | Create | Villager (Male) |
| 13:36 | Create | Villager (Male) |
| 13:36 | Create | Villager (Male) |
| 13:44 | Build | Blacksmith |
| 13:52 | Build | Palisade Wall |
| 13:58 | Create | Scout Cavalry |
| 13:58 | Create | Scout Cavalry |
| 14:03 | Build | House |
| 14:04 | Build | House |
| 14:32 | Create | Scout Cavalry |
| 14:45 | Build | Farm |
| 14:45 | Build | Farm |
| 14:45 | Build | Farm |
| 14:45 | Build | Farm |
| 14:46 | Build | Farm |
| 14:46 | Build | Farm |
| 14:56 | Build | Palisade Wall |
| 14:56 | Build | Palisade Wall |
| 14:57 | Build | Palisade Wall |
| 14:59 | Create | Archer |
| 15:08 | Create | Scout Cavalry |
| 15:09 | Create | Villager (Male) |
| 15:09 | Create | Villager (Male) |
| 16:58 | Build | Farm |
| 16:58 | Build | Farm |
| 16:59 | Build | Farm |
| 16:59 | Build | Farm |
| 17:02 | Research | Horse Collar |
| 17:16 | Build | Palisade Gate |
| 17:25 | Build | Palisade Wall |
| 17:27 | Create | Villager (Male) |
| 17:27 | Create | Villager (Male) |
| 17:27 | Create | Villager (Male) |
| 17:32 | Build | Farm |
| 18:11 | Create | Scout Cavalry |
| 18:12 | Create | Scout Cavalry |
| 18:13 | Create | Villager (Male) |
| 18:24 | Build | Palisade Wall |
| 18:38 | Build | Farm |
| 18:57 | Research | Forging |
| 19:31 | Build | Farm |
| 19:44 | Build | House |
| 19:46 | Build | House |
| 20:10 | Build | Farm |
| 20:22 | Build | Market |
| 20:53 | Create | Villager (Male) |
| 20:53 | Create | Villager (Male) |
| 20:57 | Research | Town Watch |
| 21:14 | Research | Castle Age |
| 21:23 | Build | House |
| 21:29 | Build | Palisade Wall |
| 21:48 | Build | House |
| 22:11 | Build | Farm |
| 22:31 | Build | Watch Tower |
| 22:49 | Build | Stable |
| 22:56 | Build | House |
| 23:22 | Build | Watch Tower |
| 23:45 | Age | Castle Age |
| 24:31 | Build | Mining Camp |
| 25:37 | Research | Fletching |
| 25:53 | Research | Scale Barding Armor |
| 26:36 | Research | Bloodlines |
| 26:44 | Build | Mill |
| 26:50 | Build | Farm |
| 26:52 | Build | Farm |
| 27:08 | Create | Villager (Male) |
| 27:08 | Create | Villager (Male) |
| 27:08 | Create | Villager (Male) |
| 27:30 | Create | Knight |
| 27:31 | Create | Knight |
| 27:31 | Create | Knight |
| 27:31 | Create | Knight |
| 28:36 | Create | Knight |
| 28:36 | Create | Knight |
| 28:37 | Create | Knight |
| 28:46 | Research | Chain Barding Armor |
| 28:57 | Build | Gate |
| 29:02 | Build | Stone Wall |
| 29:19 | Create | Knight |
| 29:20 | Create | Knight |
| 29:56 | Create | Villager (Male) |
| 29:56 | Create | Villager (Male) |
| 30:44 | Create | Villager (Male) |
| 31:03 | Research | Iron Casting |
| 31:36 | Build | Castle |
| 31:44 | Create | Villager (Male) |
Build order — facha heroe del whisky
First 150 of 302 actions detected
| 0:02 | Create | Villager (Male) ×4 |
| 0:04 | Build | House |
| 0:07 | Build | House |
| 1:51 | Create | Villager (Male) |
| 1:51 | Create | Villager (Male) |
| 1:51 | Create | Villager (Male) |
| 2:34 | Build | Lumber Camp |
| 2:45 | Create | Villager (Male) |
| 2:45 | Create | Villager (Male) |
| 3:26 | Create | Villager (Male) |
| 3:51 | Create | Villager (Male) |
| 3:51 | Create | Villager (Male) |
| 4:30 | Build | House |
| 4:40 | Create | Villager (Male) |
| 4:58 | Create | Villager (Male) |
| 5:06 | Build | Mill |
| 5:15 | Create | Villager (Male) |
| 5:59 | Create | Villager (Male) |
| 5:59 | Create | Villager (Male) |
| 6:07 | Build | House |
| 6:12 | Build | Palisade Wall |
| 6:17 | Create | Villager (Male) |
| 7:01 | Create | Villager (Male) |
| 7:08 | Create | Villager (Male) |
| 7:24 | Research | Loom |
| 7:34 | Research | Feudal Age |
| 8:49 | Build | Mining Camp |
| 8:51 | Create | Villager (Male) |
| 9:09 | Create | Villager (Male) |
| 9:16 | Build | Barracks |
| 9:21 | Build | Palisade Wall |
| 9:32 | Create | Villager (Male) |
| 9:42 | Build | Farm |
| 10:20 | Age | Feudal Age |
| 10:23 | Create | Villager (Male) |
| 10:46 | Build | Watch Tower |
| 10:59 | Build | Farm |
| 11:14 | Create | Villager (Male) |
| 11:15 | Create | Villager (Male) |
| 11:15 | Create | Villager (Male) |
| 11:36 | Create | Villager (Male) |
| 11:38 | Build | House |
| 13:11 | Build | Palisade Wall |
| 14:09 | Create | Villager (Male) |
| 14:09 | Create | Villager (Male) |
| 14:09 | Create | Villager (Male) |
| 14:10 | Create | Villager (Male) |
| 14:10 | Create | Villager (Male) |
| 14:10 | Create | Villager (Male) |
| 14:25 | Build | Archery Range |
| 14:37 | Build | House |
| 14:39 | Build | House |
| 15:25 | Create | Archer |
| 15:39 | Create | Archer |
| 16:04 | Create | Skirmisher |
| 17:10 | Research | Horse Collar |
| 17:52 | Create | Skirmisher |
| 17:57 | Build | Town Center |
| 18:52 | Create | Villager (Male) |
| 18:53 | Create | Villager (Male) |
| 18:53 | Create | Villager (Male) |
| 18:53 | Create | Villager (Male) |
| 18:54 | Create | Villager (Male) |
| 18:54 | Create | Villager (Male) |
| 19:08 | Create | Villager (Male) |
| 19:08 | Create | Villager (Male) |
| 19:20 | Create | Villager (Male) |
| 19:20 | Create | Villager (Male) |
| 19:49 | Build | Market |
| 19:56 | Build | Mining Camp |
| 20:12 | Create | Villager (Male) |
| 20:13 | Create | Villager (Male) |
| 20:18 | Research | Town Watch |
| 20:41 | Build | Archery Range |
| 21:05 | Create | Villager (Male) |
| 21:36 | Create | Archer |
| 21:36 | Create | Archer |
| 21:36 | Create | Archer |
| 21:42 | Build | Archery Range |
| 21:53 | Build | House |
| 21:54 | Build | House |
| 22:11 | Build | House |
| 22:13 | Create | Villager (Male) |
| 22:18 | Create | Archer |
| 22:28 | Build | Blacksmith |
| 22:36 | Create | Spearman |
| 22:46 | Create | Archer |
| 22:46 | Create | Archer |
| 22:50 | Build | House |
| 22:51 | Build | House |
| 22:55 | Create | Spearman |
| 22:59 | Create | Villager (Male) |
| 23:03 | Build | House |
| 23:49 | Create | Archer |
| 24:02 | Create | Spearman |
| 24:13 | Create | Villager (Male) |
| 24:14 | Create | Villager (Male) |
| 24:28 | Build | Mining Camp |
| 24:56 | Create | Villager (Male) |
| 24:59 | Build | Mill |
| 25:04 | Build | Farm |
| 25:08 | Build | Farm |
| 25:32 | Build | Farm |
| 25:59 | Build | Lumber Camp |
| 26:13 | Create | Archer |
| 27:21 | Research | Castle Age |
| 27:48 | Create | Villager (Male) |
| 28:19 | Create | Archer |
| 28:23 | Create | Archer |
| 28:24 | Create | Archer |
| 28:34 | Create | Skirmisher |
| 28:36 | Create | Skirmisher |
| 28:38 | Create | Spearman |
| 28:55 | Build | Archery Range |
| 28:57 | Build | Archery Range |
| 29:08 | Build | Farm |
| 29:11 | Build | Mining Camp |
| 29:25 | Create | Skirmisher |
| 29:27 | Create | Skirmisher |
| 29:39 | Build | Barracks |
| 29:44 | Research | Fletching |
| 30:01 | Age | Castle Age |
| 30:02 | Create | Archer |
| 30:18 | Build | House |
| 31:48 | Create | Villager (Male) |
| 32:06 | Build | Siege Workshop |
| 32:26 | Build | Farm |
| 33:10 | Build | Castle |
| 33:21 | Create | Villager (Male) |
| 33:21 | Create | Villager (Male) |
| 33:21 | Create | Villager (Male) |
| 33:22 | Create | Villager (Male) |
| 33:27 | Build | Farm |
| 33:53 | Create | Mangonel |
| 33:58 | Build | House |
| 34:34 | Build | Lumber Camp |
| 34:37 | Create | Mangonel |
| 34:53 | Build | Farm |
| 35:12 | Create | Villager (Male) |
| 35:13 | Create | Villager (Male) |
| 36:07 | Create | Villager (Male) |
| 36:07 | Create | Villager (Male) |
| 36:08 | Create | Villager (Male) |
| 36:18 | Build | Town Center |
| 36:30 | Build | Monastery |
| 37:40 | Create | Villager (Male) |
| 37:40 | Create | Villager (Male) |
| 37:41 | Create | Villager (Male) |
| 37:41 | Create | Villager (Male) |
| 37:43 | Create | Monk |
Build order — EJ
First 150 of 453 actions detected
| 0:01 | Create | Villager (Male) |
| 0:01 | Create | Villager (Male) |
| 0:02 | Build | House |
| 0:04 | Build | House |
| 0:30 | Create | Villager (Male) |
| 0:30 | Create | Villager (Male) |
| 1:25 | Create | Villager (Male) |
| 1:32 | Build | Lumber Camp |
| 2:04 | Create | Villager (Male) |
| 2:31 | Create | Villager (Male) |
| 2:56 | Create | Villager (Male) |
| 3:04 | Build | House |
| 3:19 | Create | Villager (Male) |
| 3:30 | Research | Loom |
| 3:42 | Create | Villager (Male) |
| 4:11 | Create | Villager (Male) |
| 4:42 | Create | Villager (Male) |
| 5:31 | Build | Mill |
| 5:38 | Create | Villager (Male) |
| 5:38 | Create | Villager (Male) |
| 5:38 | Create | Villager (Male) |
| 5:38 | Create | Villager (Male) |
| 5:56 | Create | Villager (Male) |
| 6:00 | Build | House |
| 7:27 | Create | Villager (Male) |
| 8:31 | Research | Feudal Age |
| 8:47 | Build | Barracks |
| 9:30 | Build | House |
| 10:41 | Age | Feudal Age |
| 10:42 | Create | Villager (Male) |
| 10:43 | Create | Villager (Male) |
| 11:02 | Build | Mining Camp |
| 11:46 | Build | Archery Range |
| 11:52 | Create | Villager (Male) |
| 12:04 | Create | Villager (Male) |
| 12:17 | Create | Villager (Male) |
| 12:43 | Build | Blacksmith |
| 12:49 | Create | Villager (Male) |
| 13:26 | Research | Fletching |
| 13:31 | Research | Castle Age |
| 13:37 | Build | House |
| 14:16 | Create | Archer |
| 14:16 | Create | Archer |
| 14:20 | Create | Spearman |
| 14:22 | Create | Spearman |
| 14:33 | Research | Gold Mining |
| 14:47 | Research | Fletching |
| 14:55 | Create | Villager (Male) |
| 14:55 | Create | Villager (Male) |
| 15:06 | Build | Watch Tower |
| 15:16 | Create | Spearman |
| 15:19 | Create | Archer |
| 15:26 | Build | Archery Range |
| 16:12 | Build | House |
| 16:12 | Age | Castle Age |
| 16:13 | Build | House |
| 16:59 | Research | Crossbowman (upgrade) |
| 17:01 | Build | House |
| 17:05 | Create | Villager (Male) |
| 17:18 | Create | Villager (Male) |
| 17:33 | Create | Archer |
| 17:34 | Create | Archer |
| 17:48 | Build | Stable |
| 17:58 | Create | Villager (Male) |
| 18:20 | Build | Town Center |
| 18:31 | Create | Villager (Male) |
| 18:47 | Build | Market |
| 19:10 | Create | Archer |
| 19:10 | Create | Archer |
| 19:12 | Create | Villager (Male) |
| 19:13 | Create | Villager (Male) |
| 19:52 | Create | Knight |
| 20:17 | Create | Archer |
| 20:17 | Create | Archer |
| 20:20 | Create | Villager (Male) |
| 20:20 | Create | Villager (Male) |
| 20:34 | Build | Farm |
| 21:54 | Create | Villager (Male) |
| 22:19 | Create | Villager (Male) |
| 22:35 | Create | Knight |
| 22:50 | Create | Villager (Male) |
| 22:53 | Create | Villager (Male) |
| 22:56 | Create | Villager (Male) |
| 25:14 | Build | Castle |
| 25:21 | Create | Archer |
| 25:21 | Create | Archer |
| 25:21 | Create | Archer |
| 25:54 | Build | Lumber Camp |
| 25:58 | Create | Villager (Male) |
| 25:59 | Build | House |
| 26:21 | Create | Knight |
| 26:35 | Create | Knight |
| 26:49 | Build | Castle |
| 27:05 | Build | Lumber Camp |
| 27:17 | Research | Bodkin Arrow |
| 28:12 | Create | War Wagon |
| 29:12 | Build | Siege Workshop |
| 29:25 | Create | War Wagon |
| 29:36 | Create | Villager (Male) |
| 29:51 | Create | War Wagon |
| 30:04 | Build | Lumber Camp |
| 30:10 | Create | War Wagon |
| 30:36 | Create | Villager (Male) |
| 30:37 | Create | Villager (Male) |
| 30:37 | Create | Villager (Male) |
| 30:57 | Build | Lumber Camp |
| 31:01 | Create | War Wagon |
| 31:12 | Create | Villager (Male) |
| 31:16 | Create | Villager (Male) |
| 31:16 | Create | Villager (Male) |
| 31:22 | Create | Villager (Male) |
| 31:23 | Create | Villager (Male) |
| 31:30 | Research | Double-Bit Axe |
| 31:36 | Create | Villager (Male) |
| 31:43 | Create | Villager (Male) |
| 31:58 | Create | War Wagon |
| 32:02 | Create | Villager (Male) |
| 32:09 | Create | Battering Ram |
| 32:17 | Create | War Wagon |
| 32:26 | Create | Knight |
| 32:36 | Build | Farm |
| 32:38 | Build | Farm |
| 32:43 | Build | House |
| 32:50 | Create | War Wagon |
| 33:34 | Build | Monastery |
| 33:41 | Create | Iron Pagoda |
| 34:23 | Create | Monk |
| 34:44 | Build | Monastery |
| 35:03 | Build | Castle |
| 35:14 | Create | Villager (Male) |
| 35:26 | Create | Monk |
| 35:26 | Create | Monk |
| 35:35 | Build | Farm |
| 35:35 | Build | Farm |
| 35:35 | Build | Farm |
| 35:35 | Build | Farm |
| 35:36 | Build | Farm |
| 35:38 | Create | Villager (Male) |
| 36:34 | Research | Husbandry |
| 37:54 | Build | Town Center |
| 39:46 | Create | Villager (Male) |
| 39:47 | Create | Villager (Male) |
| 40:44 | Research | Imperial Age |
| 40:48 | Create | Villager (Male) |
| 40:48 | Create | Villager (Male) |
| 41:05 | Create | Villager (Male) |
| 41:05 | Create | Villager (Male) |
| 41:58 | Create | Villager (Male) |
| 42:18 | Create | War Wagon |
| 43:19 | Build | University |
Build order — inmortand_joe
First 150 of 399 actions detected
| 0:03 | Create | Villager (Male) |
| 0:03 | Create | Villager (Male) |
| 0:03 | Create | Villager (Male) |
| 0:03 | Create | Villager (Male) |
| 0:03 | Create | Villager (Male) |
| 0:03 | Create | Villager (Male) |
| 0:03 | Create | Villager (Male) |
| 0:03 | Create | Villager (Male) |
| 0:03 | Create | Villager (Male) |
| 0:04 | Build | House |
| 0:06 | Build | House |
| 1:13 | Create | Villager (Male) |
| 1:37 | Research | Loom |
| 2:18 | Create | Villager (Male) |
| 2:18 | Create | Villager (Male) |
| 2:34 | Create | Villager (Male) |
| 2:34 | Create | Villager (Male) |
| 2:35 | Create | Villager (Male) |
| 2:59 | Create | Villager (Male) |
| 2:59 | Create | Villager (Male) |
| 3:05 | Build | Lumber Camp |
| 3:08 | Build | House |
| 3:31 | Create | Villager (Male) |
| 3:31 | Create | Villager (Male) |
| 4:18 | Create | Villager (Male) |
| 4:18 | Create | Villager (Male) |
| 4:18 | Create | Villager (Male) |
| 4:40 | Create | Villager (Male) |
| 4:40 | Create | Villager (Male) |
| 4:40 | Create | Villager (Male) |
| 4:40 | Create | Villager (Male) |
| 4:48 | Build | House |
| 4:52 | Build | Palisade Wall |
| 4:59 | Build | Mill |
| 5:06 | Create | Villager (Male) |
| 5:06 | Create | Villager (Male) |
| 5:06 | Create | Villager (Male) |
| 5:06 | Create | Villager (Male) |
| 5:21 | Create | Villager (Male) |
| 5:21 | Create | Villager (Male) |
| 5:37 | Create | Villager (Male) |
| 5:38 | Create | Villager (Male) |
| 6:12 | Create | Villager (Male) |
| 6:12 | Create | Villager (Male) |
| 6:12 | Create | Villager (Male) |
| 6:50 | Create | Villager (Male) |
| 6:50 | Create | Villager (Male) |
| 6:50 | Create | Villager (Male) |
| 6:51 | Create | Villager (Male) |
| 7:49 | Create | Villager (Male) |
| 7:49 | Create | Villager (Male) |
| 7:49 | Create | Villager (Male) |
| 7:58 | Create | Villager (Male) |
| 7:58 | Create | Villager (Male) |
| 7:59 | Create | Villager (Male) |
| 7:59 | Create | Villager (Male) |
| 8:33 | Build | House |
| 8:42 | Create | Villager (Male) |
| 8:42 | Create | Villager (Male) |
| 8:42 | Create | Villager (Male) |
| 9:01 | Create | Villager (Male) |
| 9:02 | Create | Villager (Male) |
| 9:49 | Build | Town Center |
| 10:14 | Create | Villager (Male) |
| 10:14 | Create | Villager (Male) |
| 10:14 | Create | Villager (Male) |
| 10:14 | Create | Villager (Male) |
| 10:31 | Create | Villager (Male) |
| 11:00 | Create | Villager (Male) |
| 11:01 | Create | Villager (Male) |
| 11:01 | Create | Villager (Male) |
| 11:06 | Build | House |
| 11:34 | Build | Palisade Wall |
| 11:39 | Create | Villager (Male) |
| 11:39 | Create | Villager (Male) |
| 11:40 | Create | Villager (Male) |
| 11:40 | Create | Villager (Male) |
| 12:04 | Build | Palisade Wall |
| 12:08 | Create | Villager (Male) |
| 12:09 | Create | Villager (Male) |
| 12:09 | Create | Villager (Male) |
| 12:09 | Create | Villager (Male) |
| 12:20 | Build | Palisade Wall |
| 12:31 | Build | Palisade Wall |
| 12:35 | Build | Palisade Wall |
| 12:38 | Create | Villager (Male) |
| 12:38 | Create | Villager (Male) |
| 12:38 | Create | Villager (Male) |
| 13:05 | Build | House |
| 13:11 | Create | Villager (Male) |
| 13:12 | Create | Villager (Male) |
| 13:12 | Create | Villager (Male) |
| 13:26 | Build | House |
| 13:36 | Create | Villager (Male) |
| 13:36 | Create | Villager (Male) |
| 13:36 | Create | Villager (Male) |
| 13:36 | Create | Villager (Male) |
| 14:38 | Create | Villager (Male) |
| 14:38 | Create | Villager (Male) |
| 14:39 | Create | Villager (Male) |
| 15:10 | Create | Villager (Male) |
| 15:11 | Create | Villager (Male) |
| 15:11 | Create | Villager (Male) |
| 15:33 | Build | Palisade Wall |
| 20:09 | Create | Villager (Male) |
| 20:09 | Create | Villager (Male) |
| 20:09 | Create | Villager (Male) |
| 21:18 | Create | Villager (Male) |
| 21:20 | Create | Villager (Male) |
| 21:52 | Build | Farm |
| 22:00 | Build | Farm |
| 22:00 | Build | Farm |
| 22:00 | Build | Farm |
| 22:00 | Build | Farm |
| 22:00 | Build | Farm |
| 22:00 | Build | Farm |
| 23:32 | Create | Villager (Male) |
| 23:32 | Create | Villager (Male) |
| 24:04 | Create | Villager (Male) |
| 24:04 | Create | Villager (Male) |
| 24:06 | Build | Farm |
| 24:28 | Build | Farm |
| 25:42 | Create | Villager (Male) |
| 25:42 | Create | Villager (Male) |
| 25:55 | Build | Farm |
| 25:55 | Build | Farm |
| 25:55 | Build | Farm |
| 26:22 | Build | Farm |
| 27:03 | Build | Farm |
| 27:04 | Build | Farm |
| 27:34 | Research | Feudal Age |
| 28:08 | Build | Lumber Camp |
| 29:44 | Age | Feudal Age |
| 29:50 | Build | Market |
| 29:58 | Create | Villager (Male) |
| 29:58 | Create | Villager (Male) |
| 30:56 | Build | Blacksmith |
| 31:05 | Create | Villager (Male) |
| 31:05 | Create | Villager (Male) |
| 31:34 | Create | Villager (Male) |
| 31:45 | Create | Villager (Male) |
| 31:45 | Create | Villager (Male) |
| 31:52 | Build | Farm |
| 32:02 | Create | Villager (Male) |
| 32:19 | Build | Farm |
| 32:22 | Create | Villager (Male) |
| 32:35 | Create | Villager (Male) |
| 32:58 | Build | Farm |
| 33:15 | Research | Castle Age |
| 33:25 | Build | Farm |
Match timeline
| 4:05 | dantexinho · wall_segment Palisade Wall x1 |
| 4:52 | inmortand_joe · wall_segment Palisade Wall x1 |
| 6:12 | facha heroe del whisky · wall_segment Palisade Wall x3 |
| 8:03 | dantexinho · first_building Barracks |
| 8:05 | dantexinho · wall_segment Palisade Wall x1 |
| 8:06 | dantexinho · wall_segment Palisade Wall x1 |
| 8:39 | dantexinho · wall_segment Palisade Wall x10 |
| 8:43 | dantexinho · wall_segment Palisade Wall x1 |
| 8:45 | dantexinho · wall_segment Palisade Wall x3 |
| 8:47 | EJ · first_building Barracks |
| 8:52 | dantexinho · wall_segment Palisade Wall x9 |
| 9:16 | facha heroe del whisky · first_building Barracks |
| 9:21 | facha heroe del whisky · wall_segment Palisade Wall x5 |
| 9:31 | dantexinho · age_up feudal |
| 9:33 | dantexinho · first_building Stable |
| 10:20 | facha heroe del whisky · age_up feudal |
| 10:41 | EJ · age_up feudal |
| 10:57 | dantexinho · first_building Archery Range |
| 11:00 | dantexinho · wall_segment Palisade Wall x1 |
| 11:34 | inmortand_joe · wall_segment Palisade Wall x8 |
| 11:46 | EJ · first_building Archery Range |
| 12:03 | dantexinho · wall_segment Palisade Wall x3 |
| 12:04 | inmortand_joe · wall_segment Palisade Wall x1 |
| 12:14 | dantexinho · wall_segment Palisade Wall x7 |
| 12:20 | inmortand_joe · wall_segment Palisade Wall x9 |
| 12:31 | inmortand_joe · wall_segment Palisade Wall x12 |
| 12:35 | inmortand_joe · wall_segment Palisade Wall x5 |
| 13:11 | facha heroe del whisky · wall_segment Palisade Wall x4 |
| 13:52 | dantexinho · wall_segment Palisade Wall x1 |
| 14:25 | facha heroe del whisky · first_building Archery Range |
| 14:56 | dantexinho · wall_segment Palisade Wall x1 |
| 14:56 | dantexinho · wall_segment Palisade Wall x1 |
| 14:57 | dantexinho · wall_segment Palisade Wall x1 |
| 15:33 | inmortand_joe · wall_segment Palisade Wall x1 |
| 16:12 | EJ · age_up castle |
| 17:25 | dantexinho · wall_segment Palisade Wall x7 |
| 17:48 | EJ · first_building Stable |
| 18:24 | dantexinho · wall_segment Palisade Wall x1 |
| 20:59 | dantexinho · first_market_sell 100 wood |
| 21:02 | dantexinho · first_market_buy 100 food |
| 21:29 | dantexinho · wall_segment Palisade Wall x1 |
| 22:09 | EJ · first_market_buy 100 food |
| 23:45 | dantexinho · age_up castle |
| 25:14 | EJ · first_building Castle |
| 29:02 | dantexinho · wall_segment Stone Wall x1 |
| 29:12 | EJ · first_building Siege Workshop |
| 29:44 | inmortand_joe · age_up feudal |
| 30:01 | facha heroe del whisky · age_up castle |
| 31:36 | dantexinho · first_building Castle |
| 32:06 | facha heroe del whisky · first_building Siege Workshop |
| 32:09 | dantexinho · wall_segment Palisade Wall x1 |
| 33:10 | facha heroe del whisky · first_building Castle |
| 33:14 | inmortand_joe · first_market_sell 100 food |
| 33:34 | EJ · first_building Monastery |
| 34:48 | inmortand_joe · wall_segment Palisade Wall x4 |
| 34:56 | inmortand_joe · wall_segment Palisade Wall x9 |
| 35:35 | inmortand_joe · wall_segment Palisade Wall x1 |
| 35:55 | inmortand_joe · wall_segment Palisade Wall x5 |
| 36:00 | inmortand_joe · wall_segment Palisade Wall x6 |
| 36:15 | inmortand_joe · age_up castle |
| 36:30 | facha heroe del whisky · first_building Monastery |
| 36:33 | inmortand_joe · first_building Donjon |
| 38:06 | EJ · first_market_sell 100 stone |
| 39:47 | inmortand_joe · wall_segment Palisade Wall x14 |
| 39:49 | inmortand_joe · wall_segment Palisade Wall x6 |
| 40:16 | facha heroe del whisky · first_building Stable |
| 43:54 | EJ · age_up imperial |
| 44:34 | inmortand_joe · wall_segment Stone Wall x18 |
| 44:56 | inmortand_joe · first_building Barracks |
| 45:34 | dantexinho · first_building Monastery |
| 46:46 | inmortand_joe · wall_segment Stone Wall x4 |
| 46:54 | inmortand_joe · wall_segment Stone Wall x11 |
| 47:11 | facha heroe del whisky · wall_segment Stone Wall x1 |
| 47:17 | facha heroe del whisky · wall_segment Stone Wall x1 |
| 47:32 | inmortand_joe · first_building Stable |
| 48:34 | inmortand_joe · wall_segment Stone Wall x5 |
| 48:40 | dantexinho · age_up imperial |
| 49:10 | inmortand_joe · wall_segment Stone Wall x6 |
| 52:33 | inmortand_joe · wall_segment Palisade Wall x1 |
| 53:00 | facha heroe del whisky · age_up imperial |
| 53:19 | facha heroe del whisky · first_market_buy 100 food |
| 56:56 | dantexinho · first_building Siege Workshop |
| 61:09 | inmortand_joe · first_market_buy 100 food |
| 61:27 | inmortand_joe · first_building Monastery |
| 62:26 | facha heroe del whisky · first_market_sell 500 wood |
| 63:19 | inmortand_joe · wall_segment Stone Wall x1 |
| 64:58 | dantexinho · resign |
[ AI ANALYSIS · 1 CREDIT ]
What really happened in this match?
Wolo.gg analyzes every decision: build order, eco, micro, common mistakes by bracket. Personalized analysis on WhatsApp or Discord in 30 seconds.
Civ guide
Persians
Perfil
Jugador #2184713